[Event "Titled Tuesday Blitz May 10 Late 2022"]
[White "Vusatiuk, Vladimir"]
[Black "Wieczorek, Oskar"]
[WhiteFideId "14118610"]
[BlackFideId "1133950"]
[WhiteElo "2521"]
[BlackElo "2615"]
[Result "1-0"]
[Round "09"]
[TimeControl "180+1"]
[Date "2022.05.11"]
[WhiteClock "0:00:11"]
[BlackClock "0:00:03"]

1. d4 Nf6 2. c4 g6 3. Nc3 Bg7 4. e4 d6 5. h3 e5 6. dxe5 dxe5 7. Qxd8+ Kxd8 8. Nf3 Nbd7 9. b3 c6 10. Ba3 Bf8 11. Bb2 Bc5 12. O-O-O Ke7 13. Rd2 Nh5 14. g3 f6 15. Na4 Bb4 16. Rd1 Nc5 17. a3 Nxa4 18. axb4 Nxb2 19. Kxb2 Be6 20. c5 Rhd8 21. Be2 Rxd1 22. Rxd1 Bxh3 23. Nd2 Rd8 24. Bxh5 gxh5 25. Kc3 Bg4 26. Ra1 a6 27. Nc4 Ke6 28. Nd6 Rd7 29. Rf1 Bf3 30. Re1 Bg4 31. Rf1 Rg7 32. Kd3 f5 33. exf5+ Bxf5+ 34. Ke3 Bc2 35. Rg1 Bxb3 36. Rh1 b6 37. Rxh5 bxc5 38. bxc5 a5 39. Ne4 a4 40. Rh6+ Kd5 41. Rd6+ Kc4 42. Rxc6 a3 43. Ra6 a2 44. Nd2+ Kc3 45. Ra3 Rb7 46. c6 1-0


[Site "https://www.chess.com"]

[Event "Titled Tuesday Blitz May 10 Late 2022"]
[White "Wartiovaara, Oliver"]
[Black "Hoffmann, Asa"]
[WhiteFideId "513024"]
[BlackFideId "2001470"]
[WhiteElo "1971"]
[BlackElo "2117"]
[Result "1/2-1/2"]
[Round "09"]
[TimeControl "180+1"]
[Date "2022.05.11"]
[WhiteClock "0:00:07"]
[BlackClock "0:00:11"]

1. e4 d6 2. d4 Nf6 3. Nc3 c6 4. Nf3 Bg4 5. Be3 e6 6. h3 Bh5 7. g3 d5 8. e5 Nfd7 9. Bg2 c5 10. Ne2 Nc6 11. c3 Be7 12. O-O cxd4 13. cxd4 O-O 14. Nf4 Bg6 15. Nxg6 hxg6 16. h4 Qb6 17. Rb1 Rac8 18. b4 a6 19. a3 Na7 20. Bg5 Bxg5 21. Nxg5 Nb5 22. h5 Qxd4 23. hxg6 Qxd1 24. Rbxd1 Nxe5 25. gxf7+ Nxf7 26. Nxe6 Rfe8 27. Bxd5 Nc3 28. Ng5 Nxd5 29. Rxd5 Nxg5 30. Rxg5 Rc3 31. Rd1 Rxa3 32. Rd7 Rf3 33. Rgxg7+ Kh8 34. Kg2 Rf6 35. Rxb7 Re2 36. Rh7+ Kg8 37. Rbg7+ Kf8 38. Ra7 Rfxf2+ 39. Kh3 Rh2+ 40. Kg4 Rxh7 41. Rxh7 Rb2 42. Rb7 Ke8 43. Rb6 Kd8 44. Rxa6 Rxb4+ 45. Kh5 Rb5+ 46. Kg6 Rb4 47. Rf6 Ke7 48. Rf4 Rb6+ 49. Kg5 Rb5+ 50. Rf5 Rb8 51. g4 Rg8+ 52. Kh5 Ke6 53. Rf2 Rh8+ 54. Kg5 Rg8+ 55. Kh4 Rh8+ 56. Kg3 Rg8 57. Rf5 Rg7 58. Kf4 Rg8 59. Kg3 Rg7 60. Kh4 Rg8 61. Kh5 Rh8+ 62. Kg5 Rg8+ 63. Kh4 Rh8+ 64. Kg3 Rg8 65. Kf4 Ra8 66. Re5+ Kf6 67. g5+ Kg7 68. Re6 Rf8+ 69. Kg4 Rf1 70. Kh5 Rh1+ 71. Kg4 Rg1+ 72. Kf4 Rf1+ 73. Ke3 Re1+ 1/2-1/2


[Site "https://www.chess.com"]

[Event "Titled Tuesday Blitz May 10 Late 2022"]
[White "Winkels, Marcel"]
[Black "Novikova, Galina"]
[WhiteFideId "1003887"]
[BlackFideId "4157095"]
[WhiteElo "1900"]
[BlackElo "1863"]
[Result "0-1"]
[Round "09"]
[TimeControl "180+1"]
[Date "2022.05.11"]
[WhiteClock "0:00:42"]
[BlackClock "0:01:24"]

1. e4 e6 2. d3 d5 3. Nd2 Nf6 4. Ngf3 g6 5. g3 Bg7 6. Bg2 O-O 7. O-O c5 8. c3 Nc6 9. Qe2 a5 10. Re1 b6 11. e5 Nd7 12. Nf1 Ndxe5 13. Bf4 Nxf3+ 14. Bxf3 Ba6 15. h4 e5 16. Bg5 f6 17. Bd2 e4 18. Bg2 Bxd3 19. Qd1 f5 20. Bf4 d4 21. Qb3+ Kh8 22. Nh2 a4 23. Qa3 Qd7 24. Bh3 Na5 25. b4 Nc4 26. Qc1 dxc3 27. Bh6 cxb4 28. Bxg7+ Qxg7 29. Kh1 Nd2 30. g4 Qd4 31. gxf5 gxf5 32. Rg1 Qxf2 33. Rg2 Qxh4 0-1


[Site "https://www.chess.com"]

[Event "Titled Tuesday Blitz May 10 Late 2022"]
[White "Xiong, Jeffery"]
[Black "Zhigalko, Sergei"]
[WhiteFideId "2047640"]
[BlackFideId "13502956"]
[WhiteElo "2727"]
[BlackElo "2662"]
[Result "0-1"]
[Round "09"]
[TimeControl "180+1"]
[Date "2022.05.10"]
[WhiteClock "0:00:01"]
[BlackClock "0:00:04"]

1. e4 c5 2. Nf3 Nc6 3. Nc3 Nf6 4. Bb5 Qc7 5. O-O Nd4 6. Re1 a6 7. Bf1 e5 8. a4 d6 9. h3 Be7 10. Bc4 O-O 11. d3 h6 12. Nh2 Rb8 13. a5 Nc6 14. Bd2 Nxa5 15. Nd5 Nxd5 16. Bxa5 b6 17. Bxd5 bxa5 18. b3 Be6 19. Bc4 Kh8 20. Qd2 Rb4 21. Bxa6 Bg5 22. Qc3 f5 23. Bc4 Bc8 24. Nf3 Qd8 25. Nxg5 Qxg5 26. Rxa5 f4 27. f3 Bxh3 28. Qd2 Rf6 29. Kf1 Be6 30. g4 Bxc4 31. dxc4 Rb8 32. Qh2 Rbf8 33. Ke2 Rg6 34. Ra7 Qd8 35. Rea1 Kh7 36. R1a6 Rgf6 37. Qh4 Qe8 38. Rb6 R8f7 39. Raa6 Qf8 40. Ra1 Rg6 41. Rba6 Rb7 42. Ra8 Rb8 43. R8a7 Re8 44. Rh1 Ree6 45. g5 Qd8 46. Rxg7+ Rxg7 47. g6+ Rexg6 48. Qxd8 Rg2+ 49. Kd1 Rg1+ 50. Rxg1 Rg8 51. Kd2 Rxd8 52. c3 Rb8 53. Kc2 h5 54. Rd1 Rb6 55. Kb2 Kg6 56. Rg1+ Kh6 57. Rh1 Kg5 58. Rg1+ Kh4 59. Ka3 Kh3 60. b4 h4 61. Ka4 Kh2 62. Rg4 h3 63. Ka5 Rb8 64. b5 Ra8+ 65. Kb6 Ra3 66. Kc7 Rxc3 67. b6 Rxf3 68. Kxd6 Rb3 69. Kxc5 f3 70. Rg5 f2 71. Rf5 Kg2 72. Rg5+ Kf3 73. Rf5+ Ke2 74. Rf3 Kxf3 0-1


[Site "https://www.chess.com"]

[Event "Titled Tuesday Blitz May 10 Late 2022"]
[White "Yuan, Qingyu"]
[Black "Paravyan, David"]
[WhiteFideId "8609772"]
[BlackFideId "4194985"]
[WhiteElo "2359"]
[BlackElo "2569"]
[Result "0-1"]
[Round "09"]
[TimeControl "180+1"]
[Date "2022.05.10"]
[WhiteClock "0:00:02"]
[BlackClock "0:00:03"]

1. e4 e5 2. Nf3 Nf6 3. Nxe5 d6 4. Nf3 Nxe4 5. Nc3 Nxc3 6. dxc3 Be7 7. Bf4 O-O 8. Qd2 Bg4 9. O-O-O Nd7 10. h3 Bxf3 11. gxf3 Ne5 12. Be2 Qc8 13. Be3 Qe6 14. Kb1 Nc4 15. Qd3 Nxe3 16. fxe3 Qg6 17. e4 Qh6 18. Rdg1 Rad8 19. Rg4 c6 20. h4 Kh8 21. a3 Rfe8 22. f4 Bf8 23. Bf3 d5 24. e5 f6 25. Re1 fxe5 26. fxe5 Bc5 27. Rg5 g6 28. Rg4 Re7 29. h5 gxh5 30. Rg2 Rf8 31. Rge2 h4 32. Bg4 Qg5 33. Qh3 Rf2 34. Rxf2 Bxf2 35. Re2 Bg3 36. e6 Qf4 37. Bf5 Qf3 38. Bg4 Qf4 39. b3 Kg7 40. Kb2 Kg6 41. Rg2 Qe5 42. Be2 Qg5 43. Bd3+ Kg7 44. Rg1 Kf8 45. Rf1+ Ke8 46. Rf5 Qg7 47. Rh5 h6 48. Qf5 Kd8 49. Qf3 Kc7 50. Rf5 Bd6 51. Rf7 Qg3 52. Rxe7+ Bxe7 53. Qf7 Qd6 54. Bf5 d4 55. c4 Qxa3+ 56. Kb1 Qd6 57. Qh5 Bg5 58. Qf7+ Qe7 59. Qg6 a5 60. Bd3 Kd6 61. Bf5 Ke5 62. Bg4 Kd6 63. Qf5 b6 64. Qe4 Kc7 65. Qe5+ Qd6 66. Qg7+ Be7 67. Qf7 d3 68. cxd3 Qxd3+ 69. Kb2 Qd4+ 70. Kb1 Qf6 71. Qe8 Qf1+ 72. Kc2 Qg2+ 73. Kb1 Qg1+ 74. Kc2 Qf2+ 75. Kd3 Qg3+ 76. Kc2 Qd6 77. Qg6 a4 78. bxa4 Qd4 79. Kb3 Qe3+ 80. Kc2 Qf2+ 81. Kb3 Qg3+ 82. Kc2 Qg2+ 83. Kd3 Qf1+ 84. Be2 Qf6 85. Qf7 Qg5 86. Ke4 h3 87. Bf3 b5 88. Qe8 bxc4 89. Qd7+ Kb6 90. Kd4 Bf6+ 91. Kxc4 Qc5+ 92. Kd3 Qc3+ 93. Ke2 Qc2+ 94. Ke3 Bg5+ 95. Kd4 Qd2+ 96. Ke5 Qf4# 0-1


[Site "https://www.chess.com"]

[Event "Titled Tuesday Blitz May 10 Late 2022"]
[White "Zhou, Qiyu"]
[Black "Babazada, Khazar"]
[WhiteFideId "505161"]
[BlackFideId "13413554"]
[WhiteElo "1925"]
[BlackElo "2406"]
[Result "0-1"]
[Round "09"]
[TimeControl "180+1"]
[Date "2022.05.10"]
[WhiteClock "0:00:03"]
[BlackClock "0:01:49"]

1. e4 Nf6 2. e5 Nd5 3. d4 Nb6 4. c4 d6 5. exd6 cxd6 6. h3 g6 7. Nf3 Bg7 8. Be3 O-O 9. Nc3 Bf5 10. Bd3 Bxd3 11. Qxd3 d5 12. b3 Nc6 13. O-O e6 14. a3 dxc4 15. bxc4 Rc8 16. Rac1 Nxc4 17. Ne4 b5 18. Bg5 Qd5 19. Nf6+ Bxf6 20. Bxf6 Qf5 21. Qxf5 gxf5 22. a4 a6 23. axb5 axb5 24. Rb1 b4 25. Rb3 f4 26. Nh2 Nd2 27. Ng4 h5 28. Rd3 Nxf1 29. Nh6+ Kh7 30. Bg5 b3 31. Kxf1 b2 32. Rd1 Rb8 33. Rb1 0-1


[Site "https://www.chess.com"]

[Event "Titled Tuesday Blitz May 10 Late 2022"]
[White "Adewumi, Tanitoluwa"]
[Black "Gurevich, Dmitry"]
[WhiteFideId "30966396"]
[BlackFideId "2000407"]
[WhiteElo "2507"]
[BlackElo "2506"]
[Result "1/2-1/2"]
[Round "10"]
[TimeControl "180+1"]
[Date "2022.05.11"]
[WhiteClock "0:00:02"]
[BlackClock "0:00:01"]

1. e4 c5 2. Nf3 d6 3. Bb5+ Bd7 4. Bxd7+ Qxd7 5. c4 Nc6 6. Nc3 Nf6 7. d4 cxd4 8. Nxd4 e6 9. O-O Be7 10. Be3 O-O 11. Rc1 Nxd4 12. Bxd4 b6 13. f3 Rac8 14. b3 Rfe8 15. Qd3 Qb7 16. Rfd1 Red8 17. Qe2 h6 18. a4 Nd7 19. Be3 Nc5 20. b4 Nd7 21. Nb5 Ne5 22. Bf4 a6 23. Nd4 Qc7 24. Rc2 Nc6 25. Nxc6 Qxc6 26. b5 axb5 27. axb5 Qc5+ 28. Be3 Qc7 29. Rdc1 Qb7 30. Bf2 Rb8 31. Ra1 Rdc8 32. Ra6 Bd8 33. Rd2 Qc7 34. Ra4 Ra8 35. Rxa8 Rxa8 36. Qd3 Be7 37. Rd1 Ra4 38. Rc1 Qa7 39. g3 Ra2 40. Rc2 Ra3 41. Rc3 Ra1+ 42. Kg2 Bf6 43. Rc2 Qc7 44. f4 Qb7 45. Kf3 Be7 46. Qd4 Ra3+ 47. Rc3 Rxc3+ 48. Qxc3 d5 49. cxd5 exd5 50. Qc6 dxe4+ 51. Kxe4 Qa7 52. Bxb6 Qa4+ 53. Bd4 Bf6 54. Qc8+ Kh7 55. Qf5+ Kg8 56. Qc5 Bxd4 57. Qxd4 Qxb5 58. Qd8+ Kh7 59. Qd3 Qxd3+ 60. Kxd3 Kg6 61. Ke4 Kf6 62. Kd5 Kf5 63. h3 h5 64. Kd6 h4 65. gxh4 Kxf4 66. Ke7 f5 67. Kf7 Ke5 68. h5 f4 69. Kxg7 f3 70. h6 f2 71. h7 f1=Q 72. h8=Q Qf6+ 73. Kh7 Qxh8+ 74. Kxh8 Kf5 75. h4 Kg6 76. h5+ Kxh5 1/2-1/2


[Site "https://www.chess.com"]

[Event "Titled Tuesday Blitz May 10 Late 2022"]
[White "Aggelis, Nikolaos"]
[Black "Manukian, Artak"]
[WhiteFideId "4213220"]
[BlackFideId "13301373"]
[WhiteElo "2154"]
[BlackElo "2422"]
[Result "1/2-1/2"]
[Round "10"]
[TimeControl "180+1"]
[Date "2022.05.11"]
[WhiteClock "0:00:14"]
[BlackClock "0:00:38"]

1. d4 Nf6 2. g3 d5 3. Nf3 Bg4 4. Ne5 Bf5 5. f3 Nbd7 6. g4 Be6 7. Bf4 c6 8. c3 Qb6 9. Qb3 Nxe5 10. Bxe5 Nd7 11. Bg3 h5 12. g5 g6 13. h4 Bg7 14. Nd2 O-O 15. Qxb6 axb6 16. a3 b5 17. O-O-O Nb6 18. e4 Nc4 19. Nxc4 bxc4 20. Bh3 Bxh3 21. Rxh3 e6 22. Bd6 Rfd8 23. Bb4 Bf8 24. Bxf8 Kxf8 25. Kc2 b5 26. Rhh1 Ke7 27. Rhe1 Kd6 28. Ra1 c5 29. Rad1 cxd4 30. Rxd4 Kc5 31. exd5 Rxd5 32. Rxd5+ Kxd5 33. Rd1+ Kc6 34. Rd4 Ra7 35. Rf4 Kd5 36. b3 e5 37. bxc4+ bxc4 38. Rf6 Rxa3 39. Rxf7 Ra2+ 40. Kd1 Ra3 41. Kd2 Ra2+ 42. Ke3 Rc2 43. Rd7+ Ke6 44. Rg7 Rxc3+ 45. Ke4 Rc1 46. Rxg6+ Kd7 47. Rg7+ Kd6 48. Rg6+ Kd7 49. Rg7+ Kd6 50. Rg8 Rh1 51. Kf5 Rxh4 52. g6 Rf4+ 53. Kg5 Rxf3 54. Kxh5 Rg3 55. Rc8 Kd5 56. Kh6 e4 57. g7 e3 58. Rd8+ Ke4 59. Re8+ Kd3 60. Rd8+ Kc3 61. Rd6 Rxg7 62. Kxg7 e2 63. Re6 Kd2 64. Rd6+ Ke3 65. Re6+ Kd3 66. Rd6+ Ke3 67. Re6+ Kd3 68. Rd6+ Ke3 1/2-1/2


[Site "https://www.chess.com"]

[Event "Titled Tuesday Blitz May 10 Late 2022"]
[White "Antonova, Nadezhda"]
[Black "Mangialardo, Tiago Carvalho"]
[WhiteFideId "14700182"]
[BlackFideId "2130718"]
[WhiteElo "1743"]
[BlackElo "2105"]
[Result "1-0"]
[Round "10"]
[TimeControl "180+1"]
[Date "2022.05.11"]
[WhiteClock "0:00:07"]
[BlackClock "0:00:12"]

1. d4 d5 2. Nf3 Nf6 3. e3 e6 4. Nbd2 Be7 5. Bd3 O-O 6. b3 Nbd7 7. Bb2 b6 8. O-O Bb7 9. Ne5 c5 10. f4 Qc7 11. Rc1 Rac8 12. c3 a6 13. Qf3 b5 14. Qh3 Ne4 15. Ndf3 c4 16. Bb1 Qd6 17. Nxd7 Qxd7 18. Ne5 Qd6 19. Rcd1 f5 20. Bxe4 fxe4 21. b4 Qd8 22. Qxe6+ Kh8 23. Nf7+ Rxf7 24. Qxf7 Rc6 25. Qh5 Bc8 26. Qe2 Rg6 27. Kh1 Bf5 28. h3 Bh4 29. Bc1 Bg3 30. Bd2 Qh4 31. Be1 Bxh3 32. Bxg3 Bxg2+ 33. Kg1 Qxg3 34. Rf2 Bf3+ 35. Kf1 Qh3+ 36. Ke1 Qh1+ 37. Kd2 Qh3 38. Rh2 Bxe2 39. Rxh3 Bxd1 40. Kxd1 Rg1+ 41. Kd2 Rg2+ 42. Kc1 Rxa2 43. Rh5 Ra3 44. Kb2 Ra4 45. Rxd5 Kg8 46. Re5 Kf7 47. Rxe4 h5 48. Re5 g6 49. d5 a5 50. d6 axb4 51. d7 bxc3+ 52. Kxc3 Ra8 53. Rd5 Rd8 54. e4 Ke7 55. Rxb5 Rxd7 56. Rg5 Kf6 57. Kxc4 Re7 58. e5+ Kf7 59. Kd5 Re8 60. Ke4 Rc8 61. Rg3 Rc4+ 62. Kd5 Ra4 63. Rf3 Ra5+ 64. Ke4 Ra4+ 65. Ke3 Ke6 66. Kf2 Kf5 67. Kg3 Re4 68. Kg2 Rxf4 69. Rxf4+ Kxf4 70. e6 h4 71. e7 g5 72. e8=Q g4 73. Qa4+ Kg5 74. Qb5+ Kf4 75. Qc4+ Kg5 76. Qd5+ Kf4 77. Qd4+ Kg5 78. Kh2 h3 79. Qe5+ Kh4 80. Qf6+ Kh5 81. Qf5+ Kh4 82. Qf2+ Kg5 83. Qg3 Kf5 84. Kg1 Kg5 85. Kf2 Kf5 86. Ke3 Kg5 87. Qf4+ Kh4 88. Kf2 Kh5 89. Qg3 Kg5 90. Ke3 Kf5 91. Kd4 Kg5 92. Ke4 Kh5 93. Kf4 h2 94. Qxh2+ Kg6 95. Kxg4 1-0


[Site "https://www.chess.com"]

[Event "Titled Tuesday Blitz May 10 Late 2022"]
[White "Arabidze, Meri"]
[Black "Vusatiuk, Vladimir"]
[WhiteFideId "13604040"]
[BlackFideId "14118610"]
[WhiteElo "2335"]
[BlackElo "2157"]
[Result "1-0"]
[Round "10"]
[TimeControl "180+1"]
[Date "2022.05.10"]
[WhiteClock "0:01:15"]
[BlackClock "0:00:02"]

1. d4 Nf6 2. c4 e6 3. Nf3 a6 4. e3 d5 5. Nbd2 Be7 6. Bd3 dxc4 7. Nxc4 b5 8. Nce5 Bb7 9. O-O O-O 10. Qc2 h6 11. Rd1 Nfd7 12. a4 Nxe5 13. Nxe5 c6 14. Bh7+ Kh8 15. Be4 Qe8 16. b3 Bd6 17. Bb2 f5 18. Bf3 g5 19. d5 Bxe5 20. Bxe5+ Kh7 21. dxe6 Qxe6 22. Qc3 Nd7 23. Bd6 Rfc8 24. h3 Nf6 25. Bc5 Nd5 26. Qd4 bxa4 27. bxa4 a5 28. Be2 Ba6 29. Bxa6 Rxa6 30. Rab1 Rc7 31. Rb8 Qf6 32. Qd3 Rd7 33. Qxa6 Qe6 34. Qc8 1-0


[Site "https://www.chess.com"]

[Event "Titled Tuesday Blitz May 10 Late 2022"]
[White "Babazada, Khazar"]
[Black "Sjugirov, Sanan"]
[WhiteFideId "13413554"]
[BlackFideId "4189302"]
[WhiteElo "2406"]
[BlackElo "2602"]
[Result "0-1"]
[Round "10"]
[TimeControl "180+1"]
[Date "2022.05.10"]
[WhiteClock "0:00:09"]
[BlackClock "0:00:04"]

1. Nf3 Nf6 2. g3 d5 3. Bg2 Nbd7 4. O-O e5 5. d3 Bd6 6. Nbd2 O-O 7. e4 c6 8. b3 Re8 9. Bb2 Nf8 10. Re1 Ng6 11. a3 a5 12. exd5 cxd5 13. c4 d4 14. Ng5 h6 15. Nge4 Nxe4 16. Nxe4 Bf8 17. Qc2 Qc7 18. Rac1 Be6 19. c5 Rac8 20. b4 axb4 21. axb4 Ra8 22. Ra1 Rec8 23. Nd2 Rxa1 24. Rxa1 b6 25. Nc4 bxc5 26. b5 Rb8 27. b6 Rxb6 28. Nxb6 Qxb6 29. Ra8 Kh7 30. Ba3 Bd6 31. h4 f5 32. h5 Ne7 33. Qe2 c4 34. dxc4 Bxa3 35. Rxa3 e4 36. g4 d3 37. Qd2 Nc6 38. gxf5 Bxf5 39. Qf4 Nd4 40. Kh2 d2 41. Bxe4 Qc5 42. Bxf5+ Nxf5 43. Rd3 Ne3 44. Qe4+ Kg8 45. Rd8+ Kf7 46. Rd7+ Kf8 47. Rd8+ Kf7 48. Qg6+ Ke7 49. Qe8+ Kf6 50. Qxe3 Qc7+ 51. Kg2 Qxd8 52. Qf3+ Kg5 53. Qg3+ Kxh5 54. Qe5+ Kg6 55. Qe4+ Kf7 56. Qf3+ Kg8 57. Qd1 Qd3 58. c5 Kf7 59. c6 Ke7 60. c7 Kd7 61. Qg4+ Kxc7 62. Qxg7+ Qd7 63. Qe5+ Qd6 64. Qg7+ Kb6 65. Qb2+ Ka7 66. Qa2+ Kb7 67. Qb2+ Kc8 68. Qh8+ Qd8 69. Qc3+ Kb7 70. Qb2+ Kc6 71. Qc2+ Kb6 72. Qb3+ Ka7 73. Qa2+ Kb7 74. Qb2+ Kc8 75. Qc2+ Kb8 76. Qb2+ Ka7 77. Qa2+ Kb6 78. Qb2+ Kc5 79. Qc2+ Kb4 80. Qb2+ Ka5 81. Qa2+ Kb6 82. Qb2+ Kc7 83. Qa2 d1=Q 0-1


[Site "https://www.chess.com"]

[Event "Titled Tuesday Blitz May 10 Late 2022"]
[White "Burke, Paul"]
[Black "Kate1606"]
[WhiteFideId "2605767"]
[WhiteElo "1888"]
[BlackElo "2060"]
[Result "1-0"]
[Round "10"]
[TimeControl "180+1"]
[Date "2022.05.11"]
[WhiteClock "0:00:17"]
[BlackClock "0:00:01"]

1. e4 e6 2. d4 d5 3. e5 c5 4. Qg4 cxd4 5. Nf3 Nc6 6. Bd3 Qc7 7. O-O Nxe5 8. Nxe5 Qxe5 9. Bf4 Nf6 10. Qf3 Qh5 11. Bb5+ Bd7 12. Bxd7+ Kxd7 13. Qb3 e5 14. Bg3 Bd6 15. Na3 Bxa3 16. bxa3 b6 17. Rfe1 Rhe8 18. c4 dxc4 19. Qxc4 Rac8 20. Qa4+ Ke7 21. Qxa7+ Kf8 22. Qxb6 Kg8 23. a4 Nd7 24. Qb7 Qf5 25. a5 h6 26. a6 Rb8 27. Qd5 Ra8 28. Qc6 Qe6 29. Qe4 Rxa6 30. a4 1-0


[Site "https://www.chess.com"]

[Event "Titled Tuesday Blitz May 10 Late 2022"]
[White "Butti, Enrique"]
[Black "Gomez Dieguez, David"]
[WhiteFideId "3700470"]
[BlackFideId "22223630"]
[WhiteElo "2080"]
[BlackElo "2115"]
[Result "1-0"]
[Round "10"]
[TimeControl "180+1"]
[Date "2022.05.11"]
[WhiteClock "0:00:28"]
[BlackClock "0:00:15"]

1. d4 Nf6 2. Nf3 d5 3. c4 e6 4. e3 Be7 5. Nc3 O-O 6. b3 c5 7. Bb2 cxd4 8. exd4 b6 9. Bd3 Bb7 10. O-O Nc6 11. Qe2 Nb4 12. Bb1 dxc4 13. bxc4 Bxf3 14. gxf3 Bd6 15. a3 Nh5 16. Qe4 Nf6 17. Qh4 Nc6 18. d5 Na5 19. Nb5 e5 20. Re1 Nxc4 21. Qxc4 Rc8 22. Qh4 Be7 23. Bxe5 h6 24. d6 Bxd6 25. Nxd6 Rc5 26. Nf5 Rxe5 27. Rxe5 Qd1+ 28. Kg2 Nh7 29. Nxh6+ Kh8 30. Nxf7+ Rxf7 31. Qxh7# 1-0


[Site "https://www.chess.com"]

[Event "Titled Tuesday Blitz May 10 Late 2022"]
[White "Clarke, Brandon G I"]
[Black "Vajda, Levente"]
[WhiteFideId "400319"]
[BlackFideId "1203975"]
[WhiteElo "2414"]
[BlackElo "2573"]
[Result "0-1"]
[Round "10"]
[TimeControl "180+1"]
[Date "2022.05.10"]
[WhiteClock "0:00:49"]
[BlackClock "0:00:34"]

1. e4 e5 2. Nf3 Nc6 3. Bb5 a6 4. Ba4 Nf6 5. O-O Be7 6. Re1 b5 7. Bb3 d6 8. c3 O-O 9. h3 Nb8 10. d4 Nbd7 11. Nbd2 Bb7 12. Bc2 Re8 13. Nf1 Bf8 14. Ng3 g6 15. Bd2 Bg7 16. Qc1 a5 17. Bg5 a4 18. Qd2 Nb6 19. Nh2 Qc8 20. Bd3 Nc4 21. Qe2 exd4 22. cxd4 c5 23. Bxc4 bxc4 24. Qxc4 cxd4 25. Qd3 Qc5 26. Nf3 Nd7 27. Rac1 Qb6 28. Qa3 Nc5 29. Nd2 Ba6 30. Nc4 Bxc4 31. Rxc4 Rab8 32. Bf4 Qxb2 33. Qxb2 Rxb2 34. Bxd6 Nd3 35. Re2 Rb1+ 36. Kh2 Nb2 37. Rb4 d3 38. Rd2 Bc3 39. Rbxb2 Rxb2 40. Rxd3 Be5 41. Bxe5 Rxe5 42. f4 Re8 43. e5 Rxa2 44. Ne4 Ra8 45. Nf6+ Kg7 46. Rd7 Re2 47. Kg3 a3 48. Kf3 Re1 49. Ne4 a2 50. Ng5 a1=Q 51. Rxf7+ Kg8 0-1


[Site "https://www.chess.com"]

[Event "Titled Tuesday Blitz May 10 Late 2022"]
[White "Curtis, John"]
[Black "Ardila, Oscar Humberto"]
[WhiteFideId "3200256"]
[BlackFideId "4404742"]
[WhiteElo "2203"]
[BlackElo "1928"]
[Result "0-1"]
[Round "10"]
[TimeControl "180+1"]
[Date "2022.05.11"]
[WhiteClock "0:00:34"]
[BlackClock "0:01:06"]

1. e4 e5 2. Nf3 Nf6 3. Nxe5 d6 4. Nf3 Nxe4 5. Qe2 Qe7 6. d3 Nf6 7. Nbd2 Be6 8. b3 Nbd7 9. Bb2 O-O-O 10. Nd4 Re8 11. Nxe6 fxe6 12. g3 d5 13. Bg2 Qc5 14. O-O-O Qa5 15. Kb1 Bb4 16. f4 Bc3 17. Nf3 Rhf8 18. Bxc3 Qxc3 19. Qd2 Qc5 20. d4 Qa3 21. Ne5 Nxe5 22. dxe5 Nd7 23. c4 c6 24. Rc1 Kb8 25. cxd5 cxd5 26. Rc2 Rc8 27. Rhc1 Rxc2 28. Qxc2 Qa5 29. Bh3 Qb6 30. Qxh7 Nc5 31. Qxg7 Rd8 32. Ka1 Nd3 0-1


[Site "https://www.chess.com"]

[Event "Titled Tuesday Blitz May 10 Late 2022"]
[White "D`Arruda, Ricardo D."]
[Black "Vujic, Mihailo"]
[WhiteFideId "100692"]
[BlackFideId "918873"]
[WhiteElo "2438"]
[BlackElo "2256"]
[Result "0-1"]
[Round "10"]
[TimeControl "180+1"]
[Date "2022.05.11"]
[WhiteClock "0:01:02"]
[BlackClock "0:00:14"]

1. g3 e5 2. Bg2 Nc6 3. d3 d5 4. e4 dxe4 5. Nd2 exd3 6. cxd3 Qxd3 7. Ngf3 Bg4 8. Qa4 Nf6 9. h3 Bxf3 10. Bxf3 e4 11. Bxe4 Nxe4 12. Qxe4+ Qxe4+ 13. Nxe4 Bb4+ 14. Bd2 Bxd2+ 15. Kxd2 O-O-O+ 16. Kc3 Rhe8 17. Rhe1 Re5 18. f4 Red5 19. Re3 f5 20. Ng5 Rc5+ 21. Kb3 Na5+ 22. Kb4 b6 23. Ne6 Rc4+ 24. Ka3 Rd6 25. b3 Rc2 26. Nxg7 b5 27. Nxf5 Ra6 28. Kb4 Nc6+ 29. Kxb5 Ra5# 0-1


[Site "https://www.chess.com"]

[Event "Titled Tuesday Blitz May 10 Late 2022"]
[White "Demchenko, Anton"]
[Black "Koellner, Ruben Gideon"]
[WhiteFideId "4160258"]
[BlackFideId "12993093"]
[WhiteElo "2539"]
[BlackElo "2638"]
[Result "1-0"]
[Round "10"]
[TimeControl "180+1"]
[Date "2022.05.10"]
[WhiteClock "0:00:49"]
[BlackClock "0:00:03"]

1. e4 d6 2. d4 Nf6 3. Nc3 e5 4. dxe5 dxe5 5. Qxd8+ Kxd8 6. Nf3 Bd6 7. Bc4 Be6 8. Bxe6 fxe6 9. Nd2 Ke7 10. f3 Nbd7 11. Nc4 a6 12. a4 h6 13. Bd2 g5 14. h3 Rag8 15. Na5 Rb8 16. Nd1 Rhg8 17. b4 h5 18. g4 hxg4 19. hxg4 Kf7 20. Nf2 Kg6 21. Nd3 Rh8 22. Ke2 b5 23. axb5 axb5 24. Be3 Rxh1 25. Rxh1 Ra8 26. c3 Nh7 27. Rb1 Nhf6 28. Rb2 Rh8 29. c4 bxc4 30. Nxc4 Rh2+ 31. Nf2 Ne8 32. Rd2 Kf6 33. b5 Rh8 34. Rc2 Nf8 35. Ra2 Ng6 36. Ra8 Nf4+ 37. Kf1 Ke7 38. Ra7 Kd8 39. Na5 Kc8 40. Ra8+ Kd7 41. Nc6 Be7 42. Nxe5+ Kd6 43. Nf7+ Kd7 44. Nxh8 Nd6 45. Bxf4 gxf4 46. Nd3 Nxb5 47. Ng6 Nd4 48. Nge5+ 1-0


[Site "https://www.chess.com"]

[Event "Titled Tuesday Blitz May 10 Late 2022"]
[White "Derraugh, Geordie"]
[Black "Keller, Peter"]
[WhiteFideId "2603950"]
[BlackFideId "1272105"]
[WhiteElo "2116"]
[BlackElo "2275"]
[Result "1/2-1/2"]
[Round "10"]
[TimeControl "180+1"]
[Date "2022.05.11"]
[WhiteClock "0:00:09"]
[BlackClock "0:00:13"]

1. e4 e5 2. Nf3 Nc6 3. d4 exd4 4. Bc4 Nf6 5. e5 d5 6. Bb5 Ne4 7. Nxd4 Bc5 8. Bxc6+ bxc6 9. O-O Bd7 10. Be3 Rb8 11. f3 Ng5 12. f4 Ne4 13. b3 O-O 14. c4 f6 15. cxd5 fxe5 16. fxe5 Rxf1+ 17. Kxf1 cxd5 18. Nd2 Qh4 19. N2f3 Rf8 20. Kg1 Qh5 21. Rc1 Bb6 22. Nc2 Nc3 23. Qd2 Rxf3 24. gxf3 Qxf3 25. Qxc3 Bh3 26. Qd2 Qg4+ 27. Kh1 Qe4+ 28. Kg1 Qg4+ 29. Kh1 Qf3+ 30. Kg1 Qg4+ 1/2-1/2


[Site "https://www.chess.com"]

[Event "Titled Tuesday Blitz May 10 Late 2022"]
[White "Dimakiling, Oliver"]
[Black "Melikyan, Gnel"]
[WhiteFideId "5202248"]
[BlackFideId "54109990"]
[WhiteElo "2426"]
[BlackElo "1772"]
[Result "0-1"]
[Round "10"]
[TimeControl "180+1"]
[Date "2022.05.10"]
[WhiteClock "0:01:55"]
[BlackClock "0:01:27"]

1. c4 e5 2. Nc3 Nf6 3. g3 d5 4. cxd5 Nxd5 5. Bg2 Be6 6. Nf3 f6 7. O-O Nc6 8. d4 exd4 9. Nxd4 Nxd4 10. Qxd4 Nxc3 11. Qxc3 c6 12. Bf4 Be7 13. Rfd1 Qb6 14. Bd6 Rd8 15. Bxe7 Kxe7 16. Qa3+ Kf7 17. h4 a6 18. h5 Qb5 19. h6 g6 20. e4 Qh5 21. Bf3 Qb5 22. b3 Rhe8 23. Rd6 Rxd6 24. Qxd6 Qe5 25. Qb4 Qxa1+ 26. Kg2 Re7 27. Qb6 Qc1 28. e5 fxe5 29. Qd8 Qxh6 0-1


[Site "https://www.chess.com"]

[Event "Titled Tuesday Blitz May 10 Late 2022"]
[White "Djokic, Mihailo"]
[Black "Nagy, Gabor"]
[WhiteFideId "976440"]
[BlackFideId "737119"]
[WhiteElo "2202"]
[BlackElo "2569"]
[Result "1-0"]
[Round "10"]
[TimeControl "180+1"]
[Date "2022.05.10"]
[WhiteClock "0:00:05"]
[BlackClock "0:01:09"]

1. e4 e5 2. Nf3 Nc6 3. Nc3 Nf6 4. Bb5 Bd6 5. Bxc6 dxc6 6. d4 exd4 7. Qxd4 c5 8. Qd3 Bg4 9. e5 Bxf3 10. exf6 Bc6 11. Qe3+ Kd7 12. Qh3+ Ke8 13. fxg7 Qe7+ 14. Be3 Rg8 15. Qxh7 Kd7 16. O-O-O Rae8 17. Bxc5 Qg5+ 18. Be3 Qxg7 19. Qf5+ Re6 20. Nd5 Kc8 21. g3 Kb8 22. Rhe1 Re5 23. Qf3 Rge8 24. Bd4 Qg5+ 25. Be3 Bxd5 26. Qxd5 Rxd5 27. Bxg5 Rxe1 28. Rxe1 b5 29. Bd2 Kb7 30. h4 b4 31. b3 a5 32. Re4 f5 33. Rc4 Ka6 34. Bf4 Bc5 35. Be3 Bd6 36. h5 Kb5 37. h6 Be5 38. Bf4 Bc3 39. Rxc3 bxc3 40. h7 Rd7 41. h8=Q Re7 42. Qxc3 Ka6 43. Qc4+ Kb7 44. Qb5+ Kc8 45. Qxf5+ Kb7 46. Qxa5 Re1+ 47. Qxe1 1-0


[Site "https://www.chess.com"]